Description

Game of Elazer vs Serral ZVZ

Replay - LiquidElazer v Serral - Amygdala

Build Order

Get SALT Encoding   

  12  0:00  Drone  
  13  0:12  Overlord  
  13  0:17  Drone  
  14  0:31  Drone x2  
  16  0:45  Hatchery  
  16  0:49  Drone x2  
  16  0:56  Drone  
  18  1:06  Extractor  
  18  1:11  Spawning Pool  
  16  1:14  Drone x2  
  18  1:28  Drone  
  21  1:57  Queen x2  
  21  1:58  Zergling x2  
  21  2:00  Overlord  
  27  2:10  Metabolic Boost  
  32  2:40  Hatchery  
  32  2:44  Overlord  
  33  2:57  Queen  
  36  3:10  Overlord  
  41  3:13  Zergling x6  
  44  3:24  Roach Warren  
  44  3:25  Zergling x2  
  45  3:40  Extractor  
  50  3:42  Overlord  
  52  3:55  Extractor  
  60  4:11  Roach x2  
  60  4:15  Lair  
  64  4:19  Roach  
  66  4:26  Roach x2  
  66  4:27  Extractor  
  69  4:36  Roach x4  
  73  4:45  Roach  
  87  5:02  Queen x2  
  94  5:14  Glial Reconstitution  
  96  5:21  Spore Crawler x3  
  101  5:44  Spore Crawler x2  
  99  5:55  Infestation Pit  
  103  6:07  Extractor x2  
  103  6:11  Hydralisk Den  
  104  6:22  Queen  
  106  6:30  Queen  
  104  6:36  Overseer  
  104  6:38  Infestor x3  
  110  6:41  Queen  
  112  6:47  Spore Crawler  
  112  6:48  Infestor x2  
  124  7:10  Evolution Chamber  
  123  7:28  Hydralisk x4, Muscular Augments  
  132  7:30  Overseer  
  132  7:31  Zergling x4  
  134  7:39  Zerg Missile Weapons Level 1  
  134  7:40  Hydralisk x2  
  136  7:53  Hydralisk x4  
  146  8:32  Grooved Spines  
  164  8:43  Spore Crawler  
  164  8:44  Hive  
  169  9:03  Burrow  
  169  9:08  Spore Crawler x3  
  168  9:13  Hatchery  
  153  9:38  Zerg Missile Weapons Level 2  
  165  9:51  Evolution Chamber  
  162  9:58  Viper x4  
Spawning Tool Build Advisor. Get it on Overwolf

Go to:

Details

  • Created by: NeoShine
  • Published on: Mar 25, 2025
  • Modified on: Mar 25, 2025
  • Patch: 5.0.11
  • Difficulty: Hard
Show
View Real Time Build Order
Export as new Build Order

Comments (0)

There are no comments. Be the first!

Create an account to comment!